 Dungeon Crawl Stone Soup version 0.28-a0-1524-ge72afd5fc6 (webtiles) character file.

Game seed: 12411552976359349458

95 comborobin the Skirmisher (level 4, -3/33 HPs)
             Began as an Octopode Cinder Acolyte on Jan 18, 2022.
             Was a High Priest of Ignis.
             Slain by Crazy Yiuf (7 damage)
             ... on level 2 of the Dungeon.
             The game lasted 00:01:51 (3076 turns).

comborobin the Skirmisher (Octopode Cinder Acolyte) Turns: 3076, Time: 00:01:51

Health: -3/33      AC:  2    Str: 13    XL:     4   Next: 65%
Magic:  7/7        EV: 12    Int: 18    God:    Ignis [*****.]
Gold:   95         SH:  0    Dex:  7    Spells: 7/7 levels left

rFire   + . .      SeeInvis .     - Unarmed
rCold   . . .      Faith    .   (no shield)
rNeg    . . .      Spirit   .   j - +1 hat
rPois   .          Reflect  .   (no amulet)
rElec   .          Harm     .   (no ring)
rCorr   .          Rampage  .   (no ring)
Will    .....                   (no ring)
Stlth   ++........              (no ring)
HPRegen 0.11/turn               (no ring)
MPRegen 0.10/turn               (no ring)
                                (no ring)
                                (no ring)

@: no status effects
A: almost no armour, amphibious, 8 rings, camouflage 1, gelatinous body 1,
(nimble swimmer 1), tentacles
a: Renounce Religion, Fiery Armour, Foxfire Swarm, Rising Flame


You were on level 2 of the Dungeon.
You worshipped Ignis.
Ignis was extremely pleased with you.
You visited 1 branch of the dungeon, and saw 4 of its levels.

You collected 95 gold pieces.

Inventory:

Armour
 j - a +1 hat (worn)
Magical Staves
 d - a staff of death
Jewellery
 g - a ring of ice
 h - a ring of flight
Scrolls
 a - 2 scrolls of immolation {unknown}
 b - a scroll of enchant armour {unknown}
 c - a scroll of holy word {unknown}
 i - a scroll of magic mapping {unknown}
 k - a scroll of identify {unknown}
Potions
 e - 3 potions of curing {unknown}
 f - a potion of mutation {unknown}


   Skills:
 + Level 3.6 Fighting
 + Level 3.6 Unarmed Combat
 + Level 2.0 Spellcasting
 + Level 3.6 Fire Magic


You had 7 spell levels left.
You didn't know any spells.
Your spell library contained the following spells:

 Spells                   Type           Power      Damage    Failure   Level
 Scorch                   Fire           30%        2d7       6%          2
 Foxfire                  Conj/Fire      32%        2x1d5     9%          1
 Conjure Flame            Conj/Fire      8%         6-21      26%         3
 Inner Flame              Hex/Fire       8%         N/A       26%         3
 Summon Guardian Golem    Hex/Summ       1%         N/A       47%         3
 Flame Wave               Conj/Fire      8%         2d4       63%         4
 Fireball                 Conj/Fire      4%         3d4       93%         5
 Starburst                Conj/Fire      4%         6d3       100%        6
 Orb of Destruction       Conj           0%         9d5       100%        7
 Spellforged Servitor     Conj/Summ      0%         N/A       100%        7
 Ignition                 Fire           7%         3d5       100%        8


Dungeon Overview and Level Annotations

Branches:
Dungeon (4/15)
 Temple: D:4-7

Altars:

Annotations:
D:2 Crazy Yiuf


Innate Abilities, Weirdness & Mutations

You cannot wear most types of armour.
You are amphibious.
You can wear up to eight rings at the same time.
Your skin changes colour to match your surroundings (Stealth+).
Your rubbery body absorbs attacks. (AC +1, EV +1)
((You are camouflaged when in or above water. (Stealth+)))
You have tentacles for arms and can constrict up to eight enemies at once.


Message History

The endoplasm barely misses you.
An endoplasm is nearby!
You tentacle-slap the endoplasm. Your squeeze misses the endoplasm.
The endoplasm is lightly wounded.
The endoplasm hits you but does no damage.
You tentacle-slap the endoplasm.
You kill the endoplasm!
No target in view!
No target in view!
There is a stone staircase leading down, spattered with blood here.
Things that are here:
a +0 dagger; a +0 robe Crazy Yiuf shouts!
No reachable target in view!
Could not explore, unopened runed door.
Could not explore, unopened runed door.
No reachable target in view!
No reachable target in view!
Could not explore, unopened runed door.
No reachable target in view!
No reachable target in view!
You open the door.
Crazy Yiuf drinks a potion.
Crazy Yiuf seems to speed up.
Crazy Yiuf closely misses you.
There is an open translucent door here.
You closely miss Crazy Yiuf. Your grab misses Crazy Yiuf.
Crazy Yiuf hits you with a +2 quarterstaff of chaos.
You resist with some effort.
Crazy Yiuf hits you with a +2 quarterstaff of chaos!
Crazy Yiuf burns you.
You closely miss Crazy Yiuf. Your grab misses Crazy Yiuf.
Crazy Yiuf cries, "Candle koolooloo koolooloo!"
Crazy Yiuf hits you with a +2 quarterstaff of chaos!
* * * LOW HITPOINT WARNING * * *
Crazy Yiuf burns you.
* * * LOW HITPOINT WARNING * * *
You are too injured to fight recklessly!
You closely miss Crazy Yiuf. You grab Crazy Yiuf.
You constrict Crazy Yiuf, but do no damage.
Crazy Yiuf hits you with a +2 quarterstaff of chaos!
You die...

##### #..)#
# #...# #
#######
#.g.# #
####.....###
#@# #
...........#
##.# #
.........###
#.## #
....#.....#
##.#
########
....#.....#
#.##
#....)..
.####.....#
##.##
#.......
.#........#
#.PP##
#.......
.#.#####>##
#..P.#
#.......
.#.....#.#
#....#
##########'#


You could see Crazy Yiuf (fast).

Vanquished Creatures
  Jessica (D:2)
  2 adders
  2 worms (D:2)
  A dart slug (D:1)
  An orc (D:4)
  2 endoplasms
  2 giant cockroaches (D:1)
  5 goblins
  8 hobgoblins
  3 kobolds
  3 quokkas (D:1)
  4 ball pythons
  5 bats
  A rat (D:1)
40 creatures vanquished.

Notes
Turn   | Place    | Note
-------+----------+-------------------------------------------
     0 | D:1      | comborobin the Octopode Cinder Acolyte began the quest for
                  | the Orb.
     0 | D:1      | Reached XP level 1. HP: 16/16 MP: 2/2
   402 | D:1      | Reached XP level 2. HP: 14/21 MP: 3/3
  1048 | D:1      | Reached XP level 3. HP: 15/26 MP: 5/5
  2307 | D:2      | Found a runed translucent door.
  2308 | D:2      | Noticed Crazy Yiuf
  2324 | D:2      | You fall into a shaft and drop 2 floors!
  2462 | D:4      | Noticed a necrophage
  2510 | D:3      | Reached XP level 4. HP: 15/31 MP: 6/6
  2515 | D:2      | Noticed Jessica
  2519 | D:2      | Killed Jessica
  3076 | D:2      | Slain by Crazy Yiuf

Illustrated notes

Levels and vault maps discovered:
D:1:      dpeg_arrival_boxes_within_box, layout_loops_cross
D:2:      layout_basic, minmay_misc_feat_more_columns, uniq_crazy_yiuf_cottage,
          uniq_jessica
D:3:      layout_basic, dreamdust_ecumenical_altar_statues, st_stairs_2,
          minmay_misc_feat_nine_boxes, kennysheep_generic_room_2, uniq_terence
D:4:      layout_rooms, mainiacjoe_overflow_six_doors_small,
          kennysheep_generic_room_14

Skill      XL: |  1  2  3  4 |
---------------+-------------+-----
Spellcasting   | 2 |  2.0
Fighting       | |  3.6
Unarmed Combat | |  3.6
Fire Magic     | |  3.6

Action                   |  1- 3 |  4- 6 || total
-------------------------+-------+-------++-------
Melee: Unarmed           |    80 |    13 ||    93
       Constrict         |    21 |     3 ||    24
       Tentacles         |     8 |     3 ||    11
       Punch             |     6 |       ||     6
Invok: Fiery Armour      |       |     1 ||     1
 Stab: Sleeping          |     4 |       ||     4
Armor: Skin              |     7 |     2 ||     9
Dodge: Dodged            |    45 |     3 ||    48

Table legend: (Time is in decaauts)
 A = Elapsed time spent in this place.
 B = Non-inter-level travel time spent in this place.
 C = Inter-level travel time spent in this place.
 D = Time resting spent in this place.
 E = Time spent auto-exploring this place.
 F = Levels seen in this place.
 G = Mean time per level.
                   A        B        C        D        E       F      G
               +--------+--------+--------+--------+--------+-----+--------+
         Total |   3070 |   2986 |     84 |    384 |   2312 |   4 |  767.5 |
       Dungeon |   3070 |   2986 |     84 |    384 |   2312 |   4 |  767.5 |
               +--------+--------+--------+--------+--------+-----+--------+

Top non-repeatable levels by time:
     D:2: 1453 daAuts
     D:1: 1427 daAuts
     D:4: 173 daAuts
     D:3: 16 daAuts
